 Dungeon Crawl Stone Soup version 0.30-a0-172-gc5509c9e31 (webtiles) character file.

Game seed: 10172319058931212861

259 KennySheep the Chopper (level 5, -5/44 HPs)
             Began as a Palentonga Fighter on Oct 1, 2022.
             Was a Follower of Okawaru.
             Splashed by a jelly's acid (10 damage)
             ... on level 4 of the Dungeon.
             The game lasted 00:06:58 (2539 turns).

KennySheep the Chopper (Palentonga Fighter)         Turns: 2539, Time: 00:06:58

Health: -5/44      AC:  0    Str: 24    XL:     5   Next: 94%
Magic:  6/6        EV:  8    Int:  8    God:    Okawaru [*.....]
Gold:   125        SH:  4    Dex:  9    Spells: 4/4 levels left

rFire   + . .      SeeInvis +    a - +0 war axe
rCold   . . .      Faith    .    c - +0 buckler
rNeg    + . .      Spirit   .    b - +0 scale mail
rPois   .          Reflect  .    w - +2 helmet
rElec   .          Harm     .    (no cloak)
rCorr   .          Rampage  .    s - +0 pair of gloves
Will    .....                    (no barding)
Stlth   ..........               (no amulet)
HPRegen 0.27/turn                t - ring "Afirosh" {rF+ rN+}
MPRegen 0.10/turn                v - ring of flight

@: about to teleport, corroded, flying
A: large, rugged brown scales 3, see invisible, deformed body, roll 1, armoured
tail
a: Rolling Charge, Renounce Religion, Heroism


You were on level 4 of the Dungeon.
You worshipped Okawaru.
Okawaru was aware of your devotion.
You visited 1 branch of the dungeon, and saw 4 of its levels.

You collected 125 gold pieces.

Inventory:

Hand Weapons
 a - a +0 war axe (weapon)
Armour
 b - a +0 scale mail (worn)
 c - a +0 buckler (worn)
 s - a +0 pair of gloves (worn)
 w - a +2 helmet (worn)
Jewellery
 r - a +6 ring of intelligence
 t - the ring "Afirosh" (left hand) {rF+ rN+}
   (You found it on level 2 of the Dungeon)

   [ring of positive energy]

   rF:        It protects you from fire.
   rN:        It protects you from negative energy.
 v - a ring of flight (right hand)
Scrolls
 f - a scroll of enchant weapon
 g - a scroll of vulnerability
 j - a scroll of fog
 k - a scroll of torment
 l - a scroll of magic mapping
 o - a scroll of blinking {unknown}
Potions
 d - a potion of might
 h - a potion of degeneration {unknown}
 i - a potion of lignification {unknown}
 m - a potion of curing {unknown}
 n - a potion of cancellation {unknown}
 p - a potion of flight {unknown}
 q - a potion of haste {unknown}
 u - a potion of mutation {unknown}


   Skills:
 + Level 3.8 Fighting
 * Level 4.2 Axes
 + Level 3.1 Armour
 + Level 1.7 Dodging
 - Level 2.6 Shields
 + Level 1.6 Invocations


You had 4 spell levels left.
You didn't know any spells.
Your spell library contained the following spells:

 Spells                   Type           Power      Damage    Failure   Level
 Foxfire                  Conj/Fire      0%         2x1d4     78%         1
 Inner Flame              Hex/Fire       0%         N/A       98%         3
 Flame Wave               Conj/Fire      0%         2d4       100%        4
 Sticky Flame             Conj/Fire      0%         2d3       100%        4


Dungeon Overview and Level Annotations

Branches:
Dungeon (4/15)
 Temple: D:4-7

Altars:
Okawaru

Annotations:
D:4 1 runed translucent door, Pikel


Innate Abilities, Weirdness & Mutations

You are completely covered in rugged brown scales. (AC +3, +7% HP)
You have supernaturally acute eyesight. (SInv)
Armour fits poorly on your strangely shaped body.
You can roll at nearby foes to attack.
You have a long armoured tail.


Message History

You feel a little less mighty now.
You start resting.
HP restored.
There is a stone staircase leading up here.
There is a stone staircase leading down here.
You fly downwards.
Level annotation: 1 runed translucent door, Pikel The jelly quivers.
Found a scroll of teleportation and 9 gold pieces.
Found a stone staircase leading down.
There is a stone staircase leading up here.
You barely miss the jelly. The jelly hits you. The acid corrodes you!
You are splashed with acid!
The jelly hits you but does no damage.
You slash the jelly! The acid corrodes you!
Your hands burn!
You tail-slap the jelly!
The jelly is severely wounded.
You block the jelly's attack.
You hit the jelly but do no damage. The acid corrodes you!
Your hands burn!
The jelly is severely wounded.
The jelly closely misses you.
You hit the jelly but do no damage.
Your hands burn!
The jelly is severely wounded.
The jelly barely misses you. The jelly hits you. The acid corrodes you!
You are splashed with acid.
You hit the jelly but do no damage. The acid corrodes you!
Your hands burn!
You tail-slap the jelly, but do no damage.
The jelly is severely wounded.
The jelly hits you.
You are splashed with acid!
* * * LOW HITPOINT WARNING * * *
Okay, then.
Okay, then.
A goblin comes into view. It is wielding a +0 dagger.
The goblin shouts!
As you read the scroll of teleportation, it crumbles to dust.
You feel strangely unstable. The jelly closely misses you.
The jelly jiggles.
The jelly attacks as you move away! The jelly hits you.
* * * LOW HITPOINT WARNING * * *
You are splashed with acid!
You die...

...............
...............
................
................
................
.>........?.....
................
........@.......
........J.......
.......<........
............g...
.#######........
........# #........
.........+ #........
.........# #........
.........#######........


You could see a jelly and a goblin.

Vanquished Creatures
  A lemure (D:3)
  A scorpion (D:3)
  An orc wizard (D:4)
  Jessica (D:3)
  Terence (D:3)
  Robin (D:2)
  3 adders
  A worm (D:3)
  3 dart slugs
  4 orcs
  4 endoplasms
  4 giant cockroaches
  5 hobgoblins
  4 jackals (D:3)
  4 kobolds
  3 quokkas
  5 ball pythons
  6 bats
  4 frilled lizards
  12 goblins
  5 rats
73 creatures vanquished.

Vanquished Creatures (others)
  4 plants (D:2)
4 creatures vanquished.

Grand Total: 77 creatures vanquished

Notes
Turn   | Place    | Note
-------+----------+-------------------------------------------
     0 | D:1      | KennySheep the Palentonga Fighter began the quest for the
                  | Orb.
     0 | D:1      | Reached XP level 1. HP: 19/19 MP: 1/1
    85 | D:1      | Reached XP level 2. HP: 21/25 MP: 2/2
   402 | D:1      | Found a faded altar of an unknown god.
   902 | D:1      | Reached XP level 3. HP: 31/31 MP: 3/3
  1090 | D:2      | Identified the ring "Afirosh" {rF+ rN+}
  1302 | D:2      | Noticed Robin
  1312 | D:2      | Killed Robin
  1313 | D:2      | Reached skill level 3 in Axes
  1313 | D:2      | Reached skill level 1 in Dodging
  1350 | D:2      | Found an iron altar of Okawaru.
  1464 | D:2      | Became a worshipper of Warmaster Okawaru
  1639 | D:3      | Reached XP level 4. HP: 37/37 MP: 4/4
  1941 | D:3      | Noticed Terence
  1953 | D:3      | Killed Terence
  2093 | D:3      | Noticed Jessica
  2096 | D:3      | Killed Jessica
  2097 | D:3      | Reached skill level 1 in Invocations
  2097 | D:3      | Reached XP level 5. HP: 41/43 MP: 5/5
  2162 | D:3      | Reached skill level 4 in Axes
  2334 | D:4      | Found a runed translucent door.
  2352 | D:4      | Noticed a lemure
  2352 | D:4      | Noticed Pikel
  2353 | D:4      | Noticed a lemure
  2353 | D:4      | Noticed a lemure
  2353 | D:4      | Noticed a lemure
  2360 | D:4      | Reached * piety under Okawaru
  2390 | D:3      | Killed a lemure
  2539 | D:4      | Splashed by a jelly's acid

Illustrated notes

Levels and vault maps discovered:
D:1:      lemuel_arrival_broad_hall, layout_loops_corners,
          ebering_ecumenical_altar_abandoned
D:2:      layout_rooms, basic_altar, nrook_loot_triangle, serial_bayou_ford_a,
          minmay_misc_feat_alley, uniq_robin
D:3:      layout_basic, uniq_terence, uniq_jessica
D:4:      layout_layer_cave, lemuel_doored_altar, ebering_ghost_reflecting_pool,
          minmay_shop_grid_forest, minmay_pentangle, uniq_pikel

Skill      XL: |  1  2  3  4  5 |
---------------+----------------+-----
Axes           | 3 4 |  4.2
Dodging        | 1 |  1.7
Invocations    | 1 |  1.6
Armour         | 3 |  3.1
Fighting       | |  3.8
Shields        | |  2.6

Action                   |  1- 3 |  4- 6 || total
-------------------------+-------+-------++-------
Melee: War axe           |    89 |   118 ||   207
       Tailslap          |     5 |    11 ||    16
 Abil: Rolling Charge    |     2 |     4 ||     6
  Use: Scroll            |     3 |     4 ||     7
       Potion            |       |     1 ||     1
Armor: Scale mail        |    47 |    75 ||   122
Dodge: Dodged            |    28 |    46 ||    74
Block: Buckler           |    20 |    30 ||    50

Table legend: (Time is in decaauts)
 A = Elapsed time spent in this place.
 B = Non-inter-level travel time spent in this place.
 C = Inter-level travel time spent in this place.
 D = Time resting spent in this place.
 E = Time spent auto-exploring this place.
 F = Levels seen in this place.
 G = Mean time per level.
                   A        B        C        D        E       F      G
               +--------+--------+--------+--------+--------+-----+--------+
         Total |   2617 |   2496 |    121 |    183 |   1733 |   4 |  654.2 |
       Dungeon |   2617 |   2496 |    121 |    183 |   1733 |   4 |  654.2 |
               +--------+--------+--------+--------+--------+-----+--------+

Top non-repeatable levels by time:
     D:1: 1083 daAuts
     D:3: 911 daAuts
     D:2: 533 daAuts
     D:4: 89 daAuts
